 Dungeon Crawl Stone Soup version 0.26.0-10-g1f06aea511 (webtiles) character file.

Game seed: 14362083464074956539

42 Dracia the Ducker (level 3, -1/28 HPs)
             Began as a Demonspawn Gladiator on Jan 18, 2021.
             Slain by a gnoll
             ... wielding a +2 whip of electrocution
              (4 damage)
             ... on level 1 of the Dungeon.
             The game lasted 00:02:21 (1535 turns).

Dracia the Ducker (Demonspawn Gladiator)            Turns: 1535, Time: 00:02:22

Health: -1/28      AC:  4    Str: 15    XL:     3   Next: 33%
Magic:  3/3        EV: 13    Int: 15    God:
Gold:   84         SH:  0    Dex: 14    Spells: 2/2 levels left

rFire    . . .     SeeInvis .     - Unarmed
rCold    . . .     Faith    .   (no shield)
rNeg     . . .     Spirit   .   b - +0 leather armour
rPois    .         Reflect  .   c - +0 helmet
rElec    .         Harm     .   (no cloak)
rCorr    +         Rampage  .   (no gloves)
Will     .....                  (no boots)
Stlth    +.........             (no amulet)
HPRegen  0.09/turn              R - ring of resist corrosion
MPRegen  0.08/turn              I - +6 ring of intelligence

@: no status effects
A: talons 1, powered by death 1
a: no special abilities


You were on level 1 of the Dungeon.
You visited 1 branch of the dungeon, and saw 2 of its levels.

You collected 84 gold pieces.


Innate Abilities, Weirdness & Mutations

You have sharp toenails.
You regenerate a little health from kills.


   Skills:
 - Level 2.5 Fighting
 - Level 2.6 Short Blades
 - Level 1.7 Throwing
 - Level 0.1 Armour
 - Level 2.8 Dodging
 * Level 2.1 Unarmed Combat


You had 2 spell levels left.
You didn't know any spells.
Your spell library was empty.

Inventory:

Missiles
 d - 3 throwing nets (quivered) {=f=f}
Armour
 b - a +0 leather armour (worn)
 c - a +0 helmet (worn)
Jewellery
 I - a +6 ring of intelligence (right hand)
 R - a ring of resist corrosion (left hand)
Scrolls
 a - a scroll of identify {@r1@r1}
Potions
 f - a potion of degeneration
 h - a potion of curing {@q1@q1}

Dungeon Overview and Level Annotations

Branches:
Dungeon (2/15)

Altars:

#....#........####.....#.#
######...##........####.....#.#
#.............................#
#.####...##############.....###
#.# #...##....................
#.# #...##....#######......###
#.# #...##....# #[.....# #.#
#...##...g# #......# #.#
######..g@# #......# #.#
#....#######......# #.#
#####.................# #.#
#........########.....### ##.#
#......)....(............ #..#
#...........#####.....### #.##
#...............(.(...... #..##
#.........##+++##(#......
###.##
#....(....#.....#.#.#....


You could see a gnoll and a goblin.


Message History

You start resting.
HP restored.
You climb downwards.
The goblin hits you but does no damage. The goblin barely misses you.
There is a stone staircase leading up here.
The goblin misses you.
You climb upwards.
There is a stone staircase leading down here.
You closely miss the goblin. Your kick misses the goblin.
The goblin barely misses you.
You hit the goblin.
You kill the goblin!
No target in view!
No target in view!
You climb downwards.
The gnoll hits you with a +2 whip of electrocution!
The goblin hits you but does no damage.
The gnoll hits you with a +2 whip of electrocution!
* * * LOW HITPOINT WARNING * * *
You are electrocuted!
* * * LOW HITPOINT WARNING * * *
There is a stone staircase leading up, spattered with blood here.
The goblin barely misses you. The gnoll hits you but does no damage.
You climb upwards.
There is a stone staircase leading down here.
You hit the gnoll. Your kick misses the gnoll.
The gnoll is moderately wounded.
The goblin misses you.
The gnoll hits you with a +2 whip of electrocution.
You die...

Skill      XL: |  1  2  3 |
---------------+----------+-----
Unarmed Combat | 1 2 |  2.1
Fighting       | |  2.5
Short Blades   | |  2.6
Throwing       | |  1.7
Armour         | |  0.1
Dodging        | |  2.8

Action                   || total
-------------------------++-------
Melee: Rapier            ||    12
       Unarmed           ||    70
       Kick              ||    18
       Punch             ||     1
  Use: Scroll            ||     3
Armor: Leather armour    ||    22
Dodge: Dodged            ||    61

Levels and vault maps discovered:
D:1:      dpeg_arrival_windows_large_door, layout_basic, minivault_24,
          st_stairs_2, amethyst_killhole, kennysheep_pointless_box
D:2:      cheibrodos_helix_gallery, layout_basic

Notes
Turn   | Place    | Note
-------+----------+-------------------------------------------
     0 | D:1      | Dracia the Demonspawn Gladiator began the quest for the
                  | Orb.
     0 | D:1      | Reached XP level 1. HP: 16/16 MP: 1/1
   298 | D:1      | You feel monstrous as your demonic heritage exerts itself.
   298 | D:1      | Gained mutation: You have sharp toenails. [demonic
                  | ancestry]
   298 | D:1      | Reached XP level 2. HP: 23/23 MP: 2/2
   539 | D:1      | Reached skill level 1 in Unarmed Combat
  1346 | D:1      | Gained mutation: You regenerate a little health from kills.
                  | [demonic ancestry]
  1346 | D:1      | Reached XP level 3. HP: 28/28 MP: 3/3
  1475 | D:1      | Reached skill level 2 in Unarmed Combat
  1532 | D:2      | HP: 2/28 [gnoll/+2 whip of electrocution (10)]
  1535 | D:1      | Slain by a gnoll

Vanquished Creatures
  An adder (D:1)
  2 dart slugs (D:1)
  2 giant cockroaches (D:1)
  3 hobgoblins (D:1)
  2 bats (D:1)
  A frilled lizard (D:1)
  9 goblins
  5 kobolds (D:1)
  4 rats
29 creatures vanquished.

Table legend: (Time is in decaauts)
 A = Elapsed time spent in this place.
 B = Non-inter-level travel time spent in this place.
 C = Inter-level travel time spent in this place.
 D = Time resting spent in this place.
 E = Time spent auto-exploring this place.
 F = Levels seen in this place.
 G = Mean time per level.
                   A        B        C        D        E       F      G
               +--------+--------+--------+--------+--------+-----+--------+
         Total |   1535 |   1485 |     50 |     50 |   1240 |   2 |  767.5 |
       Dungeon |   1535 |   1485 |     50 |     50 |   1240 |   2 |  767.5 |
               +--------+--------+--------+--------+--------+-----+--------+

Top non-repeatable levels by time:
     D:1: 1492 daAuts
     D:2: 43 daAuts

Table legend:
 A = Non-vault XP
 B = Vault XP
 C = Vault XP percentage of total XP
 D = Non-vault monster count
 E = Vault monster count
 F = Vault count percentage of total count
                 A         B        C        D         E       F
            +---------+---------+-------+---------+---------+-------
      Total |      44 |      16 |  26.7 |      26 |       3 |  10.3
            +---------+---------+-------+---------+---------+-------
        D:1 |      41 |      16 |  28.1 |      23 |       3 |  11.5
        D:2 |       3 |       0 |   0.0 |       3 |       0 |   0.0
            +---------+---------+-------+---------+---------+-------
